 Dungeon Crawl Stone Soup version 0.25-a0-492-g44cc58d149 (webtiles) character file.

Game seed: 18087013047376196687, levelgen mode: deterministic

25879 sking99 the Grappler (level 12, -4/111 (115) HPs)
             Began as a Troll Monk on Feb 11, 2020.
             Was the Champion of Ru.
             Slain by a sphinx (25 damage)
             ... summoned by Kirke
             ... while paralysed by a sphinx
             ... on level 4 of the Lair of Beasts on Feb 12, 2020.
             The game lasted 00:31:53 (15334 turns).

sking99 the Grappler (Troll Monk)                  Turns: 15334, Time: 00:31:54

HP:   -4/111 (115)  AC:  0    Str: 26    XL:     12   Next: 93%
MP:   5/11          EV:  3    Int:  6    God:    Ru [******]
Gold: 1504          SH:  0    Dex: 12    Spells: 11/11 levels left

rFire    . . .     SeeInvis .     - Unarmed
rCold    . . .     Gourm    +   (shield currently unavailable)
rNeg     . . .     Faith    .   (armour currently unavailable)
rPois    .         Spirit   .   (helmet currently unavailable)
rElec    .         Reflect  .   (cloak currently unavailable)
rCorr    .         Harm     .   (gloves unavailable)
MR       .....                  (boots unavailable)
Stlth    ++........             (no amulet)
HPRegen  0.68/turn              (ring currently unavailable)
MPRegen  0.12/turn              (ring currently unavailable)

@: paralysed, exhausted, pig-form, slowed, drained, very quick
A: small, unfitting armour, fast metabolism 3, gourmand, regeneration 1,
inability to train dodging, no conjurations magic, no ice magic, no necromancy
magic, unskilled 1, inexperienced 1, missing an eye
a: Draw Out Power, Power Leap, Apocalypse, Renounce Religion


You were on level 4 of the Lair of Beasts.
You worshipped Ru.
Ru was exalted by your worship.
You were very full.
You were a filthy swine.
You visited 2 branches of the dungeon, and saw 14 of its levels.
You also visited: Bailey.

You collected 1504 gold pieces.

Inventory:

Armour
 b - a +0 kite shield (melded)
 h - +0 steam dragon scales (melded)
 I - a +2 cloak of invisibility (melded)
Jewellery
 f - an uncursed ring of magical power
 g - an uncursed ring of protection from cold
 q - a +6 ring of strength (melded)
 z - a ring of positive energy (melded)
 F - an uncursed ring of wizardry
 J - an uncursed ring of flight
 L - an uncursed amulet of guardian spirit {unknown}
Wands
 v - a wand of disintegration (32)
 w - a wand of flame (15)
 y - a wand of polymorph (5)
 B - a wand of digging (3)
 E - a wand of paralysis (9)
 M - a wand of acid (9)
Scrolls
 e - a scroll of magic mapping
 i - 6 scrolls of remove curse
 j - 5 scrolls of enchant weapon
 l - 4 scrolls of teleportation
 r - 8 scrolls of amnesia
 A - 5 scrolls of fog {unknown}
 D - 4 scrolls of blinking
 G - 3 scrolls of enchant armour
 H - 2 scrolls of noise {unknown}
 K - 2 scrolls of identify
 N - a scroll of random uselessness {unknown}
Potions
 a - a potion of cancellation
 d - 3 potions of might
 k - 5 potions of haste
 m - 4 potions of brilliance
 n - 3 potions of mutation
 o - a potion of ambrosia
 p - 5 potions of flight
 s - 2 potions of lignification
 t - 2 potions of invisibility
 u - 3 potions of berserk rage {unknown}
 x - 4 potions of heal wounds
 C - 3 potions of curing
 O - a potion of degeneration {unknown}
 P - a potion of agility {unknown}
Comestibles
 c - 34 rations


   Skills:
 + Level 6.8(5.6) Fighting
   Level 2.1(1.1) Long Blades
 + Level 2.1(1.0) Armour
 - Level 2.8(1.7) Stealth
 - Level 9.0(7.7) Shields
 * Level 14.0(12.6) Unarmed Combat


You had 11 spell levels left.
You didn't know any spells.
Your spell library contained the following spells:

 Spells                   Type           Power        Failure   Level  Hunger
 Beastly Appendage        Tmut           #.....       45%         1    ##.....
 Sting                    Tmut/Pois      #...         45%         1    ##.....
 Poisonous Vapours        Pois/Air       #.....       58%         2    ###....
 Sticks to Snakes         Tmut           #.......     58%         2    ###....
 Ignite Poison            Fire/Tmut/Pois #.......     83%         3    ####...
 Spider Form              Tmut/Pois      #.........   83%         3    ####...
 Olgreb's Toxic Radiance  Pois           #.......     99%         4    #####..
 Blade Hands              Tmut           #.........   100%        5    ######.
 Magic Dart               Conj           Unusable     N/A         1    N/A
 Searing Ray              Conj           Unusable     N/A         2    N/A
 Dazzling Flash           Conj/Hex       Unusable     N/A         3    N/A
 Mephitic Cloud           Conj/Pois/Air  Unusable     N/A         3    N/A
 Fulminant Prism          Conj/Hex       Unusable     N/A         4    N/A
 Ice Form                 Ice/Tmut       Unusable     N/A         4    N/A
 Iskenderun's Mystic Bla  Conj/Tloc      Unusable     N/A         4    N/A

Dungeon Overview and Level Annotations

Branches:
Dungeon (10/15)            Temple (0/1) D:5            Lair (4/6) D:8
 Shoals (0/4) Lair:3        Snake (0/4) Lair:2       Bailey (visited)
    Orc: D:9-12

Altars:
Dithmenos
Fedhas
Hepliaklqana
Kikubaaqudgha
Okawaru
Qazlal
Ru
Vehumet
Zin

Shops:
D:7 ((*

Annotations:
D:3 3 runed translucent doors, Borgoz's ghost, amateur GrBe; PigIron's ghost, amateur DsVM; Wiebster667's ghost, amateur NaMo
D:7 LostGamesStreakFreak's ghost, novice MfSk
D:9 2 transporters, emiel's ghost, novice DsFi
Lair:1 exclusion: hydra
Lair:4 Kirke


Innate Abilities, Weirdness & Mutations

You are too large for most types of armour.
((You have claws for hands.))
Your metabolism is lightning-fast.
You like to eat raw meat.
Your natural rate of healing is unusually fast.
((You are covered in fur. (AC +1)))
((You have extremely tough skin. (AC +3)))
You cannot train Dodging skill.
You cannot study or cast Conjurations magic.
You cannot study or cast Ice magic.
You cannot study or cast Necromancy magic.
You are somewhat unskilled. (-1 Apt)
You are somewhat inexperienced. (-2 XL)
You are missing an eye, making it more difficult to aim.


Message History

You redirect Kirke's attack!
The hog bites you.
You focus your will and paralyse the hog in retribution!
Kirke begins to cast a spell, but is stunned by your will!
The sphinx closely misses you. x2; The sphinx hits you.
* * * LOW HITPOINT WARNING * * *
You feel yourself speed up.
The sphinx mumbles some strange words.
You suddenly lose the ability to move!
Kirke falters for a moment.
You feel less confused.
The sphinx mumbles some strange words.
You feel yourself slow down.
You redirect the sphinx's attack!
The sphinx is stunned by your will and fails to attack.
Kirke hits you with a +0 club!
* * * LOW HITPOINT WARNING * * *
The sphinx mumbles some strange words.
You shrug off the repeated paralysis!
Kirke falters for a moment.
The sphinx hits you!!
You die...

.......... ..............
....(..... .................
.......... .................
........... .................
............ ##...............
....... ....####................
(..... .......##.........†.††..
..... ........@...............
.......≈§≈≈§≈≈≈≈hH...............
.......≈≈≈≈#≈##≈..h..............
.......≈≈§§# #≈.....>...........
.......≈≈§## #≈.................
.......≈≈≈§####≈................÷
.......≈≈≈≈#≈#≈≈.................
.......≈≈≈≈§≈≈≈§.................
.............÷.÷.................
##P.##.##.##.#..####.#.#.#.#####.


You could see Kirke, a sphinx and a hog (paralysed).

Vanquished Creatures
  Josephine (Lair:4)
  3 hydras
  An orc high priest (Bailey)
  Urug (D:10)
  2 orc knights (Bailey)
  A necromancer (Lair:4)
  An oklob plant (D:8)
  6 elephants
  A molten gargoyle (Lair:4)
  Joseph (D:10)
  Maurice (D:10)
  5 spiny frogs
  2 rime drakes
  A kobold demonologist (Bailey)
  A komodo dragon (Lair:2)
  A queen bee (Lair:3)
  Grinder (D:4)
  A hornet (D:10)
  A meliai zombie (D:10)
  5 hippogriffs
  A spriggan (D:7)
  3 wraiths (Lair:4)
  10 yaks
  A vampire (D:10)
  2 basilisks
  4 hogs (Lair:4)
  4 nagas (Lair:2)
  2 water moccasins
  7 porcupines
  10 orc warriors
  2 ice beasts
  A sky beast (D:6)
  4 black bears
  A phantom (D:4)
  2 necrophages (D:8)
  3 ogres
  18 wolves
  2 centaurs
  6 crocodiles
  A big kobold (D:7)
  6 bullfrogs
  4 gnoll sergeants (D:7)
  A water moccasin zombie (D:9)
  4 scorpions
  21 killer bees
  5 wights
  9 electric eels
  A howler monkey (D:6)
  2 bullfrog zombies
  3 crimson imps
  A quasit (D:8)
  A basilisk zombie (Lair:4)
  An orc priest (D:10)
  4 hounds
  8 orc wizards
  A bullfrog skeleton (D:4)
  A jelly (D:6)
  3 gnoll shamans
  3 iguanas
  9 worker ants
  A killer bee zombie (D:8)
  A hound skeleton (D:3)
  2 hound zombies
  A mummy (D:8)
  A howler monkey zombie (D:3)
  24 gnolls
  15 adders
  2 shadow imps
  2 oozes
  An adder skeleton (D:7)
  4 worms
  A dart slug (D:2)
  4 leopard geckos
  37 orcs
  9 bats
  6 giant cockroaches
  21 hobgoblins
  4 jackals
  18 kobolds
  9 quokkas
  A ball python (D:2)
  6 frilled lizards
  11 goblins
  A jackal zombie (D:5)
  A quokka zombie (D:8)
  2 rats
  A fire vortex (Lair:4)
  A fungus (Lair:4)
  8 plants
404 creatures vanquished.

Vanquished Creatures (others)
  A hydra (Lair:1)
  A komodo dragon (Lair:3)
  A polar bear (Lair:4)
  A fire elemental (Lair:4)
  A hog (Lair:4)
  2 bullfrogs
  A centaur zombie (D:3)
  2 fungi
  12 plants
  2 withered plants (D:3)
24 creatures vanquished.

Grand Total: 428 creatures vanquished

Notes
Turn   | Place    | Note
-------+----------+-------------------------------------------
     0 | D:1      | sking99 the Troll Monk began the quest for the Orb.
     0 | D:1      | Reached XP level 1. HP: 22/22 MP: 0/0
    88 | D:1      | Reached skill level 1 in Unarmed Combat
    91 | D:1      | Reached XP level 2. HP: 29/29 MP: 1/1
   257 | D:1      | You fall into a shaft and drop 1 floor!
   286 | D:2      | Reached XP level 3. HP: 36/36 MP: 2/2
   421 | D:2      | Reached skill level 2 in Unarmed Combat
   428 | D:2      | Found a faded altar of an unknown god.
   552 | D:2      | Became a worshipper of Ru the Awakened
   556 | D:2      | Gained mutation: You are somewhat inexperienced. (-2 XL)
                  | [Ru sacrifice]
   556 | D:2      | Reached XP level 2. HP: 29/29 MP: 1/1
   556 | D:2      | Reached XP level 1. HP: 22/22 MP: 0/0
   556 | D:2      | Reached * piety under Ru
   556 | D:2      | Reached ** piety under Ru
   648 | D:2      | Reached XP level 2. HP: 29/29 MP: 1/1
   672 | D:2      | Found a hazy altar of Hepliaklqana.
   757 | D:2      | Reached XP level 3. HP: 34/36 MP: 2/2
  1080 | D:3      | Found a runed translucent gate.
  1081 | D:3      | Found a runed translucent gate.
  1082 | D:3      | Found a runed translucent gate.
  1083 | D:3      | Noticed Borgoz's ghost (amateur GrBe)
  1083 | D:3      | Noticed PigIron's ghost (amateur DsVM)
  1083 | D:3      | Noticed Wiebster667's ghost (amateur NaMo)
  1116 | D:3      | Found a glowing silver altar of Zin.
  1138 | D:3      | Reached skill level 3 in Unarmed Combat
  1138 | D:3      | Reached XP level 4. HP: 41/45 MP: 3/3
  1452 | D:3      | Reached XP level 5. HP: 53/53 MP: 4/4
  2260 | D:4      | Noticed a phantom
  2303 | D:4      | Reached skill level 4 in Unarmed Combat
  2320 | D:4      | Gained mutation: You are missing an eye, making it more
                  | difficult to aim. [Ru sacrifice]
  2320 | D:4      | Reached *** piety under Ru
  2337 | D:4      | Killed a phantom
  2337 | D:4      | Reached XP level 6. HP: 25/61 MP: 5/5
  2580 | D:4      | Reached skill level 5 in Unarmed Combat
  2881 | D:4      | Noticed Grinder
  2896 | D:4      | Killed Grinder
  2896 | D:4      | Reached XP level 7. HP: 24/70 MP: 6/6
  2998 | D:4      | Found an iron altar of Okawaru.
  3123 | D:4      | Reached skill level 6 in Unarmed Combat
  3311 | D:5      | Entered Level 5 of the Dungeon
  3517 | D:5      | Found a staircase to the Ecumenical Temple.
  3543 | D:5      | Noticed a hippogriff
  3575 | D:5      | Killed a hippogriff
  3575 | D:5      | Reached XP level 8. HP: 39/79 MP: 7/7
  3794 | D:5      | Reached skill level 7 in Unarmed Combat
  3818 | D:5      | Noticed a hippogriff
  3830 | D:5      | Killed a hippogriff
  3830 | D:5      | Reached skill level 5 in Fighting
  4612 | D:6      | Reached skill level 8 in Unarmed Combat
  4823 | D:6      | Gained mutation: You are somewhat unskilled. (-1 Apt) [Ru
                  | sacrifice]
  4823 | D:6      | Reduced skill Unarmed Combat to level 7
  4823 | D:6      | Reached **** piety under Ru
  4823 | D:6      | Reached ***** piety under Ru
  4867 | D:6      | Reached skill level 8 in Unarmed Combat
  4867 | D:6      | Reached XP level 9. HP: 37/88 MP: 8/8
  5494 | D:7      | Found a transporter.
  5495 | D:7      | Found a transporter.
  5527 | D:7      | Identified the ring of Xebygos {Int+8 Dex+2}
  5530 | D:7      | Noticed LostGamesStreakFreak's ghost (novice MfSk)
  5666 | D:7      | Found Qymoeroi's Antique Weapon Emporium.
  5799 | D:7      | Found a radiant altar of Vehumet.
  5801 | D:7      | Found a shadowy altar of Dithmenos.
  5804 | D:7      | Found a stormy altar of Qazlal.
  5855 | D:7      | Found Hurugh's Weapon Boutique.
  5996 | D:7      | Reached skill level 9 in Unarmed Combat
  6267 | D:7      | Found Sudecyel's General Store.
  6692 | D:7      | Reached skill level 10 in Unarmed Combat
  6724 | D:7      | HP: 4/91 [LostGamesStreakFreak's ghost (13)]
  6971 | D:8      | Reached XP level 10. HP: 96/100 MP: 9/9
  6979 | D:8      | Reached skill level 1 in Shields
  6987 | D:8      | Gained mutation: You cannot study or cast Ice magic. [Ru
                  | sacrifice]
  6987 | D:8      | Gained mutation: You cannot study or cast Necromancy magic.
                  | [Ru sacrifice]
  6987 | D:8      | Gained mutation: You cannot study or cast Conjurations
                  | magic. [Ru sacrifice]
  7152 | D:8      | Found a blossoming altar of Fedhas.
  7178 | D:8      | Noticed an oklob plant
  7198 | D:8      | Killed an oklob plant
  7422 | D:8      | Found a staircase to the Lair.
  7867 | D:9      | Found a transporter.
  8093 | D:9      | Found an ancient bone altar of Kikubaaqudgha.
  8190 | D:9      | Found a transporter.
  8196 | D:9      | Noticed emiel's ghost (novice DsFi)
  8335 | D:10     | Entered Level 10 of the Dungeon
  8371 | D:10     | Found a flagged portal.
  8397 | Bailey   | Entered a bailey
  8617 | Bailey   | Found an iron altar of Okawaru.
  8617 | Bailey   | Noticed an orc high priest
  8634 | Bailey   | Noticed an orange demon
  8634 | Bailey   | Noticed an orange demon
  8637 | Bailey   | Killed an orc high priest
  8725 | Bailey   | Noticed an orc knight
  8736 | Bailey   | Killed an orc knight
  8736 | Bailey   | Reached skill level 5 in Shields
  8750 | Bailey   | Reached skill level 11 in Unarmed Combat
  9031 | Bailey   | Gained mutation: You cannot train Dodging skill. [Ru
                  | sacrifice]
  9031 | Bailey   | Reached ****** piety under Ru
  9193 | Bailey   | Noticed an orc knight
  9212 | Bailey   | Killed an orc knight
  9212 | Bailey   | Reached XP level 11. HP: 38/102 MP: 10/10
  9734 | D:10     | Noticed Joseph
  9755 | D:10     | Killed Joseph
  9794 | D:10     | Noticed Urug
  9803 | D:10     | Killed Urug
 10110 | D:10     | Noticed Maurice
 10121 | D:10     | Paralysed by Maurice for 5 turns
 10131 | D:10     | Paralysed by something for 3 turns
 10139 | D:10     | Paralysed by something for 3 turns
 10153 | D:10     | Paralysed by something for 2 turns
 10157 | D:10     | Killed Maurice
 10362 | Lair:1   | Entered Level 1 of the Lair of Beasts
 10592 | Lair:1   | Noticed an eight-headed hydra
 10703 | Lair:1   | Noticed a six-headed hydra
 10712 | Lair:1   | Killed a nine-headed hydra
 10825 | Lair:1   | Reached skill level 12 in Unarmed Combat
 10961 | Lair:1   | Noticed a six-headed hydra
 11006 | Lair:1   | Killed a nine-headed hydra
 11006 | Lair:1   | Reached XP level 12. HP: 111/111 MP: 2/11
 11053 | Lair:1   | Killed a ten-headed hydra
 12116 | Lair:2   | Found a staircase to the Snake Pit.
 13281 | Lair:3   | Reached skill level 13 in Unarmed Combat
 14201 | Lair:3   | Found a staircase to the Shoals.
 14540 | Lair:4   | Noticed an eight-headed hydra
 14583 | Lair:4   | Killed a 16-headed hydra
 14730 | Lair:4   | Noticed Josephine
 14749 | Lair:4   | Killed Josephine
 14749 | Lair:4   | Reached skill level 1 in Armour
 15133 | Lair:4   | Reached skill level 14 in Unarmed Combat
 15302 | Lair:4   | Noticed Kirke
 15305 | Lair:4   | Noticed a sphinx
 15313 | Lair:4   | Paralysed by a sphinx for 3 turns
 15329 | Lair:4   | Paralysed by a sphinx for 7 turns
 15334 | Lair:4   | Slain by a sphinx

Levels and vault maps discovered:
D:1:      dpeg_arrival_shrine, layout_basic
D:2:      layout_basic, lemuel_round_altar, chequers_ecumenical_altar_island,
          minmay_pentomino_pile
D:3:      layout_loops_corners, zin_academy, gammafunk_ghost_cemetery,
          first_ration
D:4:      layout_basic, okawaru_metal_pillars_3, minmay_misc_feat_rows,
          uniq_grinder
D:5:      layout_loops_cross, minmay_temple_entry_junction
D:6:      layout_loops_corners, kennysheep_decorative_pillar,
          kennysheep_generic_room_8
D:7:      black_bear_nest_2, layout_loops_ring, grunt_temple_overflow_open,
          serial_shops, nicolae_shop_statue_plus, nicolae_shop_waterfront,
          nicolae_shop_competitors_out_of_business,
          gammafunk_ghost_gnarly_gnolls, the_bakery, minmay_joined_circles
D:8:      layout_rooms, tgw_fedhas, grunt_lair_entry_orc_guard_hut,
          serial_undead, serial_undead_e, serial_undead_f, serial_undead_a,
          serial_undead_f
D:9:      layout_loops_corners, overflow_temple_1_default, gammafunk_ghost_hive
D:10:     layout_gridville, enter_bailey_2, uniq_urug, uniq_joseph, uniq_maurice
Lair:1:   layout_layer_cave, wad_woods_river_01
Lair:2:   layout_gridlike, minmay_snake_entry_guardpost_small,
          chequers_serial_rivers_room_a, serial_bayou_ford_a
Lair:3:   layout_small_grid, shoals_dummy_entry, special_room [special_room_bee]
Lair:4:   pond_and_an_island_with_a_cottage, layout_gridlike, uniq_kirke,
          uniq_josephine

Skill      XL: |  1  2  3  4  5  6  7  8  9 10 11 12 |
---------------+-------------------------------------+-----
Unarmed Combat | 1 3 4 5 6 8 10 11 12 14 | 14.0
Fighting       | 3 4 5 6 |  6.8
Stealth        | 2 3 2 |  2.8
Shields        | 5 8 9 |  9.0
Dodging        | 0 |  0.0
Armour         | 2 |  2.1
Long Blades    | |  2.1

Action                   |  1- 3 |  4- 6 |  7- 9 | 10-12 || total
-------------------------+-------+-------+-------+-------++-------
Melee: Unarmed           |   138 |   126 |   390 |   795 ||  1449
       Punch             |     2 |     1 |    13 |       ||    16
Invok: Sacrifice Experie |     1 |       |       |       ||     1
       Sacrifice an Eye  |       |     1 |       |       ||     1
       Draw Out Power    |       |     1 |     1 |       ||     2
       Sacrifice Skill   |       |       |     1 |       ||     1
       Apocalypse        |       |       |     1 |     4 ||     5
       Power Leap        |       |       |     1 |     1 ||     2
       Sacrifice Arcana  |       |       |       |     1 ||     1
       Sacrifice Nimblen |       |       |       |     1 ||     1
Evoke: Wand              |       |       |       |     2 ||     2
  Use: Scroll            |     4 |       |     9 |     9 ||    22
       Potion            |       |       |     3 |     3 ||     6
 Stab: Sleeping          |     3 |     2 |     6 |     3 ||    14
       Invisible         |       |     2 |     4 |    19 ||    25
       Paralysed         |       |       |       |    26 ||    26
       Distracted        |       |       |       |     5 ||     5
  Eat: Chunk             |    16 |    16 |    35 |    71 ||   138
       Ration            |       |       |       |     2 ||     2
Armor: Robe              |    40 |    27 |    80 |       ||   147
       Steam dragon scal |       |       |    38 |   181 ||   219
       Skin              |       |       |       |    56 ||    56
Dodge: Dodged            |    68 |    54 |   165 |   204 ||   491
Block: Kite shield       |       |       |     5 |   331 ||   336

Table legend:
 A = Non-vault XP
 B = Vault XP
 C = Vault XP percentage of total XP
 D = Non-vault monster count
 E = Vault monster count
 F = Vault count percentage of total count
                 A         B        C        D         E       F
            +---------+---------+-------+---------+---------+-------
      Total |   21394 |   15629 |  42.2 |     280 |     121 |  30.2
            +---------+---------+-------+---------+---------+-------
        D:1 |      25 |       0 |   0.0 |      15 |       0 |   0.0
        D:2 |      89 |       7 |   7.3 |      28 |       4 |  12.5
        D:3 |     194 |       0 |   0.0 |      23 |       0 |   0.0
        D:4 |     683 |     272 |  28.5 |      25 |       1 |   3.8
        D:5 |     961 |       0 |   0.0 |      24 |       0 |   0.0
        D:6 |     810 |       0 |   0.0 |      25 |       0 |   0.0
        D:7 |     987 |    1375 |  58.2 |      30 |      20 |  40.0
        D:8 |      93 |    1535 |  94.3 |       2 |      14 |  87.5
        D:9 |     736 |       0 |   0.0 |      13 |       0 |   0.0
       D:10 |    2548 |    1719 |  40.3 |      30 |       3 |   9.1
     Lair:1 |    5307 |    2252 |  29.8 |      25 |       4 |  13.8
     Lair:2 |    2249 |     661 |  22.7 |      12 |       4 |  25.0
     Lair:3 |    3832 |    1237 |  24.4 |      17 |      16 |  48.5
     Lair:4 |    2880 |    2888 |  50.1 |      11 |      11 |  50.0
     Bailey |       0 |    3683 | 100.0 |       0 |      44 | 100.0
            +---------+---------+-------+---------+---------+-------
